AoeStats
← JP

MegaRandom

508772666Analyzed
3v3 RM · 10d ago on Sep 24, 2026· 16m 51s· 6 players
Game mode
Random Map
Map size
Normal (6 player)
Population
200
Speed
Normal
Resources
Standard
Victory
Conquest
Starting age
Dark Age
Ending age
Imperial Age
RankedLock teamsTeams togetherTeam positionsShared explorationLock speedFull tech treeHidden civsTurbo modeCheats
Victory
Defeat
🇧🇷 Maya · Brazil
855
+11
🇧🇷 Franks · Brazil
809
+13
🇧🇷 Mongols · Brazil
755
+14
🇲🇽 Danes · Mexico
745
-13
🇮🇳 Franks · India
741
-13
🇧🇷 Varangians · Brazil
718
-12
Whitespooky
neville_longbottom
13:05 Feudal Age
passoswalli
8:59 Loom
15:40 Feudal Age
dudu
11:58 Feudal Age
12:54 Loom
14:41 Double-Bit Axe
18:18 Castle Age
17:09 Scale Barding Armor
JP
10:59 Feudal Age
9:15 Loom
11:26 Double-Bit Axe
11:26 Horse Collar
12:28 Gold Mining
17:41 Wheelbarrow
LaBoka69
0:32 Loom
11:03 Feudal Age
11:40 Double-Bit Axe
16:22 Horse Collar
17:37 Forging
Connection lost

Rejoining the realm…

Still unreachable

The connection could not be restored.

Session expired

The server has moved on; the page needs a fresh start.